 Dungeon Crawl Stone Soup version 0.26-b1-32-g5d43845318 (webtiles) character file.

Game seed: 13100292807973096936

7282 Arum the Fighter (level 11, -5/92 HPs)
             Began as a Formicid Fighter on Jan 7, 2021.
             Was a High Priest of Okawaru.
             Splashed by Joseph's acid (15 damage)
             ... on level 10 of the Dungeon.
             The game lasted 00:20:43 (10339 turns).

Arum the Fighter (Formicid Fighter)                Turns: 10339, Time: 00:20:44

Health: -5/92      AC: 13    Str: 20    XL:     11   Next: 34%
Magic:  14/14      EV:  9    Int: 13    God:    Okawaru [*****.]
Gold:   622        SH: 12    Dex: 17    Spells: 10/10 levels left

rFire    + + +     SeeInvis +   f - +5 quarterstaff of Watchfulness {vorpal, rF+ Int+2 Stlth+}
rCold    . . .     Faith    .   c - +0 kite shield
rNeg     . . .     Spirit   .   o - +3 scale mail {rF+}
rPois    .         Reflect  .   (helmet unavailable)
rElec    .         Harm     .   u - +0 cloak
rCorr    .         Rampage  .   i - +0 pair of gloves
Will     +....                  (no boots)
Stlth    +.........             K - amulet of the acrobat
HPRegen  0.25/turn              A - ring of protection from fire
MPRegen  0.14/turn              g - +6 ring of dexterity

@: no status effects
A: permanent stasis, dig shafts and tunnels, four strong arms, antennae 3
a: Dig, Shaft Self, Renounce Religion, Heroism, Finesse


You were on level 10 of the Dungeon.
You worshipped Okawaru.
Okawaru was extremely pleased with you.
You visited 1 branch of the dungeon, and saw 10 of its levels.
You also visited: Ossuary.

You collected 622 gold pieces.

Inventory:

Hand Weapons
 a - a +0 quarterstaff
 f - the +5 quarterstaff of Watchfulness (weapon) {vorpal, rF+ Int+2 Stlth+}
   (Okawaru gifted it to you on level 10 of the Dungeon)

   It inflicts extra damage upon your enemies.
   It affects your intelligence (+2).
   It protects you from fire.
   It makes you more stealthy.
 s - the +9 great mace of the Unliving {drain, Dex+3}
   (You took it off an orc wizard on level 7 of the Dungeon)

   A truly terrible weapon, it drains the life of those it strikes.
   It affects your dexterity (+3).
 t - a +4 quarterstaff of chaos
Missiles
 G - 4 datura-tipped darts
 P - 2 javelins
Armour
 c - a +0 kite shield (worn)
 i - a +0 pair of gloves (worn)
 o - a +3 scale mail of fire resistance (worn)
 u - a +0 cloak (worn)
 N - a scarf of invisibility
 O - +0 acid dragon scales
Magical Staves
 S - an uncursed staff of cold
Jewellery
 g - a +6 ring of dexterity (right hand)
 j - an uncursed amulet of guardian spirit
 y - a +6 ring of intelligence
 A - a ring of protection from fire (left hand)
 K - an amulet of the acrobat (around neck)
Wands
 x - a wand of flame (14)
 B - a wand of polymorph (8)
 D - a wand of random effects (12)
 E - a wand of iceblast (5)
Scrolls
 k - 9 scrolls of remove curse
 q - 2 scrolls of blinking {unknown}
 r - 2 scrolls of amnesia {unknown}
 C - a scroll of fog
 I - 2 scrolls of enchant armour
 J - 3 scrolls of immolation {unknown}
 L - a scroll of fear {unknown}
 Q - a scroll of enchant weapon {unknown}
Potions
 b - a potion of brilliance {unknown}
 d - 2 potions of might
 e - 2 potions of resistance {unknown}
 h - 3 potions of ambrosia
 l - a potion of magic {unknown}
 m - 2 potions of degeneration {unknown}
 n - 6 potions of curing
 p - 4 potions of mutation
 v - a potion of cancellation {unknown}
 z - 4 potions of lignification {unknown}
 F - a potion of heal wounds {unknown}
 H - 3 potions of flight {unknown}
 M - 2 potions of haste {unknown}
Miscellaneous
 R - a phantom mirror


   Skills:
 + Level 10.8 Fighting
 + Level 9.8 Staves
 + Level 7.5 Armour
 - Level 9.0 Shields
 - Level 5.0 Invocations


You had 10 spell levels left.
You didn't know any spells.
Your spell library contained the following spells:

 Spells                   Type           Power        Failure   Level
 Magic Dart               Conj           0%           61%         1
 Summon Small Mammal      Summ           0%           61%         1
 Call Imp                 Summ           0%           75%         2
 Slow                     Hex            0%           75%         2
 Call Canine Familiar     Summ           0%           93%         3
 Conjure Flame            Conj/Fire      0%           93%         3
 Mephitic Cloud           Conj/Pois/Air  0%           93%         3
 Summon Guardian Golem    Hex/Summ       0%           93%         3
 Summon Ice Beast         Ice/Summ       0%           100%        4
 Summon Lightning Spire   Summ/Air       0%           100%        4
 Blink                    Tloc           Unusable     N/A         2

Dungeon Overview and Level Annotations

Branches:
Dungeon (10/15)            Temple (0/1) D:5            Lair (0/6) D:8
Ossuary (visited)
    Orc: D:9-12

Altars:
Cheibriados
Dithmenos
Fedhas
Makhleb
Nemelex Xobeh
Okawaru
Qazlal
Ru
Trog
Uskayaw
Zin

Shops:
D:8 [

Portals:
Trove: D:10 (give +3 fire dragon scales)

Annotations:
D:10 Joseph


Innate Abilities, Weirdness & Mutations

You cannot be hasted, slowed, berserked, paralysed or teleported.
You can dig through walls and to a lower floor.
Your four strong arms can wield two-handed weapons with a shield.
You have a pair of large antennae on your head. (SInv)


Message History

You are too injured to fight recklessly!
You are too injured to fight recklessly!
You are too injured to fight recklessly!
You are too injured to fight recklessly!
You are too injured to fight recklessly!
You sock Joseph!
Joseph is almost dead.
You hit Joseph.
Joseph is almost dead.
Joseph drinks a potion.
Joseph is healed!
You barely miss Joseph.
Joseph is almost dead.
Joseph hits you with a +5 vorpal quarterstaff!
* * * LOW HITPOINT WARNING * * *
x2 You hit Joseph.
Joseph is almost dead.
Joseph zaps a wand.
The bolt of acid hits you!
* * * LOW HITPOINT WARNING * * *
You are splashed with acid!
You die...

.............. ............
............# #...........
............# #...........
............########...........
...............................
...............................
....######...#######...###.....
....# #...# ### #...# .## ....#
#...# #@###...# ....######...#
##@##...# .##
.............###{###...###.....
................{{...?.........
#...............{...Y..{.......
#.................########YY..#
#...#####..#####..# Y...# #...#
#..# #..# ..# ....# #..# #..#
.#


You could see Joseph.

Vanquished Creatures
  Pikel (D:4)
  Maggie (D:8)
  A rime drake (shapeshifter) (D:4)
  A komodo dragon (D:8)
  A troll (D:10)
  A hornet (D:9)
  Grinder (D:4)
  Sigmund (D:4)
  3 yaks (D:10)
  Menkaure (D:4)
  A water moccasin (D:5)
  2 orc warriors
  An eye of draining (D:8)
  2 ice beasts (D:9)
  3 sky beasts
  A phantom (D:9)
  2 black bears
  4 ogres
  2 centaurs (D:6)
  2 lemures (D:4)
  A big kobold (D:8)
  5 bullfrogs
  2 scorpions (D:8)
  7 killer bees
  7 howler monkeys
  A centaur zombie (D:6)
  3 iron imps (D:7)
  4 orc priests
  Crazy Yiuf (D:4)
  5 jellies
  3 bullfrog zombies
  2 centaur skeletons (D:9)
  7 hounds
  2 human zombies (Ossuary)
  3 iguanas
  4 orc wizards
  Terence (D:2)
  Natasha (twice) (D:4)
  8 worker ants
  3 big kobold zombies (Ossuary)
  2 hound zombies (Ossuary)
  3 mummies (Ossuary)
  2 worker ant zombies (D:9)
  7 gnolls
  9 adders
  4 shadow imps
  2 white imps
  2 ufetubi
  An ooze (D:1)
  2 adder skeletons
  6 adder zombies
  2 dart slugs (D:3)
  5 worms
  8 leopard geckos
  38 orcs
  11 bats
  4 giant cockroaches
  14 goblins
  8 hobgoblins
  9 jackals
  4 quokkas
  2 ball pythons (D:3)
  7 frilled lizards
  A gnoll zombie (Ossuary)
  3 goblin zombies (Ossuary)
  2 hobgoblin zombies (Ossuary)
  2 jackal zombies (Ossuary)
  4 kobolds (D:8)
  2 kobold zombies (Ossuary)
  A leopard gecko skeleton (D:6)
  An orc zombie (Ossuary)
  A quokka skeleton (D:6)
  6 quokka zombies (Ossuary)
  10 rats
  2 rat zombies (Ossuary)
290 creatures vanquished.

Vanquished Creatures (others)
  A kobold (D:4)
  34 plants (D:8)
35 creatures vanquished.

Grand Total: 325 creatures vanquished

Notes
Turn   | Place    | Note
-------+----------+-------------------------------------------
     0 | D:1      | Arum the Formicid Fighter began the quest for the Orb.
     0 | D:1      | Reached XP level 1. HP: 18/18 MP: 1/1
   175 | D:1      | Reached XP level 2. HP: 21/24 MP: 2/2
   248 | D:1      | Reached XP level 3. HP: 28/29 MP: 3/3
  1452 | D:2      | Reached XP level 4. HP: 32/37 MP: 4/4
  1457 | D:2      | Reached skill level 4 in Fighting
  1592 | D:2      | Found an iron altar of Okawaru.
  1604 | D:2      | Became a worshipper of Warmaster Okawaru
  1630 | D:2      | Reached XP level 5. HP: 42/42 MP: 5/5
  1862 | D:2      | Noticed Terence
  1884 | D:2      | Killed Terence
  2819 | D:3      | Found a blossoming altar of Fedhas.
  2824 | D:3      | Reached XP level 6. HP: 49/49 MP: 6/6
  3001 | D:4      | Reached skill level 5 in Shields
  3010 | D:4      | Found a sacrificial altar of Ru.
  3281 | D:4      | Found a runed translucent door.
  3283 | D:4      | Noticed Crazy Yiuf
  3292 | D:4      | Killed Crazy Yiuf
  3367 | D:4      | Found a bloodstained altar of Trog.
  3444 | D:4      | Noticed Natasha
  3449 | D:4      | Killed Natasha
  3449 | D:4      | Reached * piety under Okawaru
  3450 | D:4      | Reached XP level 7. HP: 55/55 MP: 7/7
  3462 | D:4      | Noticed Sigmund
  3467 | D:4      | Killed Sigmund
  3468 | D:4      | Reached skill level 5 in Fighting
  3468 | D:4      | Reached skill level 5 in Armour
  3552 | D:4      | Noticed Menkaure
  3568 | D:4      | Killed Menkaure
  3937 | D:4      | Reached XP level 8. HP: 64/64 MP: 8/8
  3971 | D:4      | Reached ** piety under Okawaru
  3972 | D:4      | Reached skill level 5 in Staves
  3999 | D:4      | Noticed a shapeshifter
  3999 | D:4      | a scorpion changed into a shapeshifter
  3999 | D:4      | Noticed a rime drake
  3999 | D:4      | a shapeshifter changed into a rime drake
  4003 | D:4      | Killed a rime drake
  4004 | D:4      | Reached skill level 6 in Fighting
  4282 | D:4      | Noticed Natasha
  4295 | D:4      | Killed Natasha
  4401 | D:4      | Noticed Grinder
  4442 | D:4      | Killed Grinder
  4442 | D:4      | Reached *** piety under Okawaru
  4456 | D:4      | Noticed Pikel
  4472 | D:4      | Killed Pikel
  4473 | D:4      | Reached skill level 7 in Fighting
  4473 | D:4      | Reached XP level 9. HP: 72/72 MP: 9/9
  4533 | D:5      | Entered Level 5 of the Dungeon
  4570 | D:5      | Found a staircase to the Ecumenical Temple.
  4592 | D:5      | Reached **** piety under Okawaru
  5460 | D:6      | Reached skill level 8 in Fighting
  5466 | D:6      | You fall into a shaft and drop 3 floors!
  5831 | D:6      | Received a gift from Okawaru
  6028 | D:6      | Found a sand-covered staircase.
  6032 | Ossuary  | Entered an ossuary
  6293 | Ossuary  | Reached XP level 10. HP: 82/82 MP: 10/10
  6741 | D:7      | Found a hide-covered altar of Uskayaw.
  6797 | D:7      | Reached skill level 9 in Fighting
  7285 | D:7      | Identified the +9 great mace of the Unliving {drain, Dex+3}
  7394 | D:7      | Found a burning altar of Makhleb.
  7400 | D:7      | Reached skill level 1 in Invocations
  7661 | D:8      | Found a snail-covered altar of Cheibriados.
  7866 | D:8      | Noticed Maggie
  7886 | D:8      | Killed Maggie
  8039 | D:8      | Received a gift from Okawaru
  8079 | D:8      | Found Wopnobui's Armour Shop.
  8101 | D:8      | Found a sparkling altar of Nemelex Xobeh.
  8194 | D:8      | Noticed a komodo dragon
  8214 | D:8      | Killed a komodo dragon
  8478 | D:8      | Found a staircase to the Lair.
  8789 | D:9      | Reached skill level 5 in Invocations
  8831 | D:9      | Reached skill level 10 in Fighting
  8928 | D:9      | Found a shadowy altar of Dithmenos.
  9124 | D:9      | Reached ***** piety under Okawaru
  9125 | D:9      | Reached XP level 11. HP: 90/91 MP: 14/14
  9626 | D:9      | Found a glowing silver altar of Zin.
  9627 | D:9      | Found a stormy altar of Qazlal.
  9797 | D:10     | Entered Level 10 of the Dungeon
  9972 | D:10     | Noticed Joseph
 10166 | D:10     | Found a portal to a secret trove of treasure.
 10206 | D:10     | Received a gift from Okawaru
 10209 | D:10     | Got a shimmering quarterstaff {god gift}
 10220 | D:10     | Identified the +5 quarterstaff of Watchfulness {vorpal, rF+
                  | Int+2 Stlth+} (Okawaru gifted it to you on level 10 of the
                  | Dungeon)
 10339 | D:10     | Splashed by Joseph's acid

Illustrated notes

Levels and vault maps discovered:
D:1:      wheals_arrival_linesprint, layout_basic, minmay_misc_feat_doors
D:2:      layout_loops_ring, old_standard_altar, st_stairs_4, amethyst_killhole,
          chequers_garden, uniq_terence
D:3:      layout_basic, fedhas_altar_1, kennysheep_crisscross
D:4:      layout_gridville, nicolae_ru_great_annihilating_truth,
          trog_hazing_becter, uniq_sigmund, uniq_grinder, uniq_natasha,
          uniq_menkaure, uniq_crazy_yiuf_cottage, uniq_pikel
D:5:      layout_loops_ring, minmay_temple_entry_waves
D:6:      layout_basic, enter_ossuary_3, kennysheep_generic_room_11
D:7:      layout_basic, demons_altar, kennysheep_mini_moat
D:8:      layout_loops_ring, chequers_temple_overflow_statue_of_worship,
          david_lair_shrubbed, serial_shops, nicolae_shop_stone, uniq_maggie
D:9:      layout_basic, lemuel_doored_altar, gammafunk_temple_overflow_pools,
          minmay_misc_feat_more_columns
D:10:     layout_small_grid, gammafunk_ghost_nasty_kobolds,
          nicolae_trove_entry_diagonal, uniq_joseph

Skill      XL: |  1  2  3  4  5  6  7  8  9 10 11 |
---------------+----------------------------------+-----
Shields        | 4 5 6 8 9 |  9.0
Fighting       | 4 5 7 8 10 | 10.8
Armour         | 4 5 6 7 |  7.5
Staves         | 3 4 6 7 9 |  9.8
Invocations    | 5 |  5.0

Action                   |  1- 3 |  4- 6 |  7- 9 | 10-12 || total
-------------------------+-------+-------+-------+-------++-------
Melee: Quarterstaff      |   152 |   206 |   288 |   375 ||  1021
Invok: Heroism           |       |       |     2 |       ||     2
 Abil: Dig               |     5 |     1 |     4 |     4 ||    14
  Use: Scroll            |       |       |     4 |     6 ||    10
 Stab: Paralysed         |       |     1 |     8 |     2 ||    11
       Petrified         |       |       |     3 |       ||     3
       Petrifying        |       |       |     1 |       ||     1
Armor: Scale mail        |    97 |    76 |    79 |    73 ||   325
Dodge: Dodged            |    66 |    83 |    70 |    96 ||   315
Block: Kite shield       |    55 |   121 |   121 |   136 ||   433
